WCHLSIM.com - West Coast Hockey League
html PUBLIC "-//W3C//DTD XHTML 1.0 Transitional//EN" "http://www.w3.org/TR/xhtml1/DTD/xhtml1-transitional.dtd"> WCHL - Game 28 - LOS ANGELES SEALS vs VANCOUVER VOODOO

LOS ANGELES SEALS vs VANCOUVER VOODOO

Created - 15 octobre 2023 at 21:48

Goals
1 2 3 T
LOS ANGELES SEALS 2 2 1 5
VANCOUVER VOODOO 0 1 0 1
Shots
1 2 3 T
LOS ANGELES SEALS 14 15 16 45
VANCOUVER VOODOO 10 6 3 19

1st period

1. LOS ANGELES SEALS , Claude Giroux 2 (Nikita Kucherov 2, Jonathan Audy-Marchessault 1) at 0:23
2. LOS ANGELES SEALS , Dylan Strome 3 (David Krejci 2, Matthew Boldy 2) at 8:14

Penalties :
Rafael Harvey-Pinard (VAN) for High sticking (Minor) at 3:42, Ben Chiarot (LOS) for Hooking (Minor) at 14:40

2nd period

3. LOS ANGELES SEALS , Jonathan Audy-Marchessault 2 (Claude Giroux 2, Drew Doughty 1) at 0:44
4. LOS ANGELES SEALS , Jonathan Audy-Marchessault 3 (Dylan Strome 1, David Krejci 3) at 11:33 (PP)
5. VANCOUVER VOODOO , Tom Wilson 1 (Christian Dvorak 1, Jonathan Drouin 1) at 13:41

Penalties :
Logan Stanley (VAN) for Interference (Minor) at 10:26, David Krejci (LOS) for Roughing (Minor) at 14:16

3rd period

6. LOS ANGELES SEALS , Gustav Forsling 1 (David Krejci 4, Dylan Strome 2) at 7:19

Penalties :
No Penalty

Goalie Stats

Carter Hart (LOS), 18 saves from 19 shots - (0,947), W, 2-1-0, 60:00 minutes
Filip Gustavsson (VAN), 18 saves from 22 shots - (0,818), L, 1-1-0, 31:33 minutes
Samuel Montembeault (VAN), 22 saves from 23 shots - (0,957), 28:27 minutes

Players Stats for LOS ANGELES SEALS

Player Name              G  A  P  +/- PIM S  H  SB GA TA FO     MP     PP MP  PK MP  
------------------------------------------------------------------------------------
Alex Goligoski           0  0  0   0  0   0  0  1  0  0  0/0    12:30   0:00   0:43 
Ben Chiarot              0  0  0  -1  2   1  1  2  0  0  0/0    20:25   1:48   1:02 
Brandon Carlo            0  0  0   1  0   0  0  0  0  0  0/0    18:35   0:00   2:13 
Claude Giroux            1  1  2   2  0   6  1  0  0  0  17/32  21:01   1:33   0:00 
David Krejci             0  3  3   2  2   3  2  1  0  0  21/30  18:20   1:33   0:00 
Drew Doughty             0  1  1   3  0   2  1  1  0  0  0/0    22:01   1:18   1:45 
Dylan Strome             1  2  3   2  0   7  1  0  0  0  0/1    18:21   1:33   0:00 
Gustav Forsling          1  0  1   4  0   3  0  1  0  0  0/0    27:14   1:48   2:13 
Jake Evans               0  0  0  -1  0   0  0  0  0  0  2/2     7:08   0:00   1:49 
Jonathan Audy-Marchessau 2  1  3   2  0   4  2  0  0  0  0/1    21:01   1:33   0:00 
Mason McTavish           0  0  0  -1  0   0  0  0  0  0  2/6     5:19   0:00   0:00 
Matthew Boldy            0  1  1   2  0   6  2  0  0  0  0/0    18:21   1:33   0:00 
Mikael Backlund          0  0  0   0  0   1  2  0  0  0  8/17   13:30   0:00   2:09 
Nick Bonino              0  0  0  -1  0   1  1  1  0  0  0/1     7:28   0:00   2:09 
Nikita Kucherov          0  1  1   2  0   5  2  0  0  0  0/2    21:01   1:33   0:00 
Noah Cates               0  0  0   0  0   4  1  0  0  0  0/0    13:10   0:00   1:49 
Noah Dobson              0  0  0  -1  0   0  0  0  0  0  0/0    19:14   1:18   0:00 
Owen Tippett             0  0  0   0  0   2  0  0  0  0  0/0    11:21   0:00   0:00 

Players Stats for VANCOUVER VOODOO

Player Name              G  A  P  +/- PIM S  H  SB GA TA FO     MP     PP MP  PK MP  
------------------------------------------------------------------------------------
Alex Newhook             0  0  0   0  0   0  0  0  0  0  1/2     4:54   0:29   0:22 
Braden Schneider         0  0  0  -2  0   0  0  2  0  0  0/0    19:57   0:00   1:23 
Brendan Gallagher        0  0  0   0  0   0  0  0  0  0  0/0     9:06   0:00   0:00 
Calen Addison            0  0  0  -2  0   0  0  0  0  0  0/0    20:38   2:04   0:00 
Christian Dvorak         0  1  1   0  0   1  0  1  0  0  17/27  19:45   0:00   2:09 
Cole Sillinger           0  0  0   0  0   0  1  0  0  0  3/4     4:55   0:52   0:00 
Conor Garland            0  0  0  -3  0   1  0  0  0  0  0/3    20:11   2:14   0:00 
Jonathan Drouin          0  1  1   0  0   0  0  0  0  0  1/3    20:46   2:14   0:00 
Jordan Harris            0  0  0   0  0   0  1  2  0  0  0/0    22:28   1:54   1:43 
Josh Anderson            0  0  0  -3  0   7  1  1  0  0  0/2    19:41   1:44   0:00 
Josh Bailey              0  0  0   0  0   1  1  0  0  0  1/3    13:20   0:00   0:00 
Logan Stanley            0  0  0  -1  2   0  2  0  0  0  0/0    16:07   0:00   0:37 
Nicolas Hague            0  0  0   0  0   0  3  0  0  0  0/0    22:08   1:54   1:23 
Nicolas Roy              0  0  0  -3  0   2  0  0  0  0  14/30  20:38   1:44   0:57 
Radek Faksa              0  0  0   0  0   1  1  0  0  0  3/13   14:17   0:00   0:57 
Rafael Harvey-Pinard     0  0  0   0  2   2  0  0  0  0  0/2     8:15   0:53   0:02 
Sebastien Aho            0  0  0  -1  0   1  0  0  0  0  0/0    18:41   2:04   1:06 
Tom Wilson               1  0  1   0  0   3  3  0  0  0  2/3    21:05   1:44   1:45 

3 Stars

1 - Jonathan Audy-Marchessault (LOS)
2 - Dylan Strome (LOS)
3 - Claude Giroux (LOS)

Power Play

LOS ANGELES SEALS - 1 on 2 Attempt(s) - 50,00%
VANCOUVER VOODOO - 0 on 2 Attempt(s) - 0,00%

Penalty Kill

LOS ANGELES SEALS - 2 on 2 Attempt(s) - 100,00% - Score 0 goal in Penalty Kill
VANCOUVER VOODOO - 1 on 2 Attempt(s) - 50,00% - Score 0 goal in Penalty Kill

Team Stat

LOS ANGELES SEALS - Hits : 16 - Faceoff Wins : 50 - Blocked Shots : 7 - Penalty Minutes : 4
VANCOUVER VOODOO - Hits : 13 - Faceoff Wins : 42 - Blocked Shots : 6 - Penalty Minutes : 4

Official

Referees : Eric Furlatt and Francis Charron
Linesman : Travis Toomey and Pierre Racicot

Game Notes

Rafael Harvey-Pinard is injured at 10:28 of 2nd period (Broken Bone (Right Arm))
Samuel Montembeault enters game at 11:33 of 2nd period

Finance

Level 1 -- Attendance: 7200 (100,00%) -- Ticket Income 1 044 000 $
Level 2 -- Attendance: 5500 (100,00%) -- Ticket Income 550 000 $
Level 3 -- Attendance: 3000 (100,00%) -- Ticket Income 204 000 $
Level 4 -- Attendance: 5289 (88,15%) -- Ticket Income 253 872 $
Luxury Box -- Attendance: 1000 (100,00%) -- Ticket Income 300 000 $
Total Attendance: 21989 (96,87%)
Total Ticket Income: 2 351 872 $
Other Expense: 23 519 $
Total Income: 2 328 353 $

LOS ANGELES SEALS

5 vs 5 Forward 
   Center                   Left Wing                Right Wing               Time % Phy DF OF 
 1 Claude Giroux            Jonathan Audy-MarchessaulNikita Kucherov          36     1   2  2  
 2 David Krejci             Matthew Boldy            Dylan Strome             31     1   2  2  
 3 Mikael Backlund          Noah Cates               Owen Tippett             23     1   2  2  
 4 Mason McTavish           Nick Bonino              Jake Evans               10     1   2  2  

5 vs 5 Defense 
   Defense                  Defense                                           Time % Phy DF OF 
 1 Drew Doughty             Gustav Forsling                                   36     1   2  2  
 2 Noah Dobson              Ben Chiarot                                       31     1   2  2  
 3 Brandon Carlo            Alex Goligoski                                    23     1   2  2  
 4 Brandon Carlo            Gustav Forsling                                   10     1   2  2  

PowerPlay Forward 
   Center                   Left Wing                Right Wing               Time % Phy DF OF 
 1 Claude Giroux            Matthew Boldy            Nikita Kucherov          55     1   2  2  
 2 David Krejci             Jonathan Audy-MarchessaulDylan Strome             45     1   2  2  

PowerPlay Defense
   Defense                  Defense                                           Time % Phy DF OF 
 1 Drew Doughty             Noah Dobson                                       55     1   2  2  
 2 Gustav Forsling          Ben Chiarot                                       45     1   2  2  

Penalty Kill 4 Players Forward 
   Center                   Wing                     Time % Phy DF OF 
 1 Mikael Backlund          Nick Bonino              55     1   2  2  
 2 Jake Evans               Noah Cates               45     1   2  2  

Penalty Kill 4 Players Defense
   Defense                  Defense                  Time % Phy DF OF 
 1 Brandon Carlo            Gustav Forsling          55     1   2  2  
 2 Drew Doughty             Ben Chiarot              45     1   2  2  

Penalty Kill - 3 Players Forward 
   Forward                                           Time % Phy DF OF 
 1 Mikael Backlund                                   55     1   2  2  
 2 Jake Evans                                        45     1   2  2  

Penalty Kill - 3 Players Defense
   Defense                  Defense                  Time % Phy DF OF 
 1 Drew Doughty             Gustav Forsling          55     1   2  2  
 2 Brandon Carlo            Ben Chiarot              45     1   2  2  

4 vs 4 Forward 
   Center                   Wing                     Time % Phy DF OF 
 1 Nikita Kucherov          Claude Giroux            55     1   2  2  
 2 David Krejci             Mikael Backlund          45     1   2  2  

4 vs 4 Defense
   Defense                  Defense                  Time % Phy DF OF 
 1 Drew Doughty             Gustav Forsling          55     1   2  2  
 2 Noah Dobson              Ben Chiarot              45     1   2  2  

Last Minutes Offensive
   Center                   Left Wing                Right Wing               Defense                  Defense                  
   Claude Giroux            Nick Bonino              Nikita Kucherov          Drew Doughty             Gustav Forsling          

Last Minutes Defensive
   Center                   Left Wing                Right Wing               Defense                  Defense                  
   Claude Giroux            Nick Bonino              Nikita Kucherov          Drew Doughty             Gustav Forsling          

Goaltenders
Starting : Carter Hart              
Backup : Daniel Vladar            

Extra Forwards
Normal : Matthew Boldy, Owen Tippett, Noah Cates - PP : Matthew Boldy, Owen Tippett - PK : Noah Cates
Extra Defensemen
Normal : Brandon Carlo, Alex Goligoski, Noah Dobson - PP : Brandon Carlo - PK : Alex Goligoski, Noah Dobson
Penalty Shots
Nikita Kucherov, Claude Giroux, David Krejci, Jonathan Audy-Marchessault, Matthew Boldy
Custom OT Lines Forwards
Nikita Kucherov, Claude Giroux, David Krejci, Mikael Backlund, Nick Bonino, Dylan Strome, Jonathan Audy-Marchessault, Matthew Boldy, Owen Tippett, Noah Cates
Custom OT Lines Defensemen
Drew Doughty, Gustav Forsling, Noah Dobson, Ben Chiarot, Brandon Carlo

Scratches
Philip Tomasino (Healthy), Connor Brown (Healthy)

VANCOUVER VOODOO

5 vs 5 Forward 
   Center                   Left Wing                Right Wing               Time % Phy DF OF 
 1 Nicolas Roy              Conor Garland            Josh Anderson            33     1   1  3  
 2 Christian Dvorak         Jonathan Drouin          Tom Wilson               32     2   1  2  
 3 Radek Faksa              Rafael Harvey-Pinard     Josh Bailey              26     1   3  1  
 4 Cole Sillinger           Alex Newhook             Brendan Gallagher        9      1   2  2  

5 vs 5 Defense 
   Defense                  Defense                                           Time % Phy DF OF 
 1 Nicolas Hague            Jordan Harris                                     36     2   2  1  
 2 Calen Addison            Braden Schneider                                  35     1   1  3  
 3 Sebastien Aho            Logan Stanley                                     29     2   2  1  
 4 Nicolas Hague            Sebastien Aho                                     0      1   2  2  

PowerPlay Forward 
   Center                   Left Wing                Right Wing               Time % Phy DF OF 
 1 Jonathan Drouin          Rafael Harvey-Pinard     Conor Garland            53     1   0  4  
 2 Nicolas Roy              Josh Anderson            Tom Wilson               47     2   1  2  

PowerPlay Defense
   Defense                  Defense                                           Time % Phy DF OF 
 1 Sebastien Aho            Calen Addison                                     53     1   1  3  
 2 Jordan Harris            Nicolas Hague                                     47     1   2  2  

Penalty Kill 4 Players Forward 
   Center                   Wing                     Time % Phy DF OF 
 1 Christian Dvorak         Rafael Harvey-Pinard     53     1   4  0  
 2 Radek Faksa              Nicolas Roy              47     2   2  1  

Penalty Kill 4 Players Defense
   Defense                  Defense                  Time % Phy DF OF 
 1 Nicolas Hague            Braden Schneider         53     2   3  0  
 2 Logan Stanley            Jordan Harris            47     1   3  1  

Penalty Kill - 3 Players Forward 
   Forward                                           Time % Phy DF OF 
 1 Radek Faksa                                       55     1   4  0  
 2 Nicolas Roy                                       45     2   3  0  

Penalty Kill - 3 Players Defense
   Defense                  Defense                  Time % Phy DF OF 
 1 Nicolas Hague            Braden Schneider         52     1   4  0  
 2 Jordan Harris            Sebastien Aho            48     1   3  1  

4 vs 4 Forward 
   Center                   Wing                     Time % Phy DF OF 
 1 Radek Faksa              Conor Garland            51     1   2  2  
 2 Cole Sillinger           Brendan Gallagher        49     2   1  2  

4 vs 4 Defense
   Defense                  Defense                  Time % Phy DF OF 
 1 Nicolas Hague            Logan Stanley            52     1   2  2  
 2 Sebastien Aho            Braden Schneider         48     1   2  2  

Last Minutes Offensive
   Center                   Left Wing                Right Wing               Defense                  Defense                  
   Nicolas Roy              Jonathan Drouin          Tom Wilson               Nicolas Hague            Calen Addison            

Last Minutes Defensive
   Center                   Left Wing                Right Wing               Defense                  Defense                  
   Christian Dvorak         Rafael Harvey-Pinard     Nicolas Roy              Nicolas Hague            Braden Schneider         

Goaltenders
Starting : Filip Gustavsson         
Backup : Samuel Montembeault      

Extra Forwards
Normal : Rafael Harvey-Pinard, Brendan Gallagher, Josh Bailey - PP : Cole Sillinger, Alex Newhook - PK : Tom Wilson
Extra Defensemen
Normal : Sebastien Aho, Logan Stanley, Jordan Harris - PP : Sebastien Aho - PK : Sebastien Aho, Jordan Harris
Penalty Shots
Nicolas Roy, Conor Garland, Josh Anderson, Jonathan Drouin, Tom Wilson
Custom OT Lines Forwards
Josh Anderson, Nicolas Roy, Jonathan Drouin, Conor Garland, Christian Dvorak, Rafael Harvey-Pinard, Tom Wilson, Radek Faksa, Josh Bailey, Alex Newhook
Custom OT Lines Defensemen
Nicolas Hague, Jordan Harris, Braden Schneider, Sebastien Aho, Calen Addison

Scratches
Callan Foote (Bruised Right Shoulder Injury), Max Pacioretty (Healthy), Joshua Norris (Healthy), Joonas Korpisalo (Healthy)

% Time on Ice - LOS ANGELES SEALS

Lines # - Real PCT - Wanted PCT - Time Play
Normal Forward
1 - 37% - 36% - 19:28
2 - 32% - 31% - 16:48
3 - 21% - 23% - 11:21
4 - 10% - 10% - 5:19
Normal Defense
1 - 36% - 36% - 18:58
2 - 33% - 31% - 17:36
3 - 22% - 23% - 11:47
4 - 9% - 10% - 4:35
PP Forward
1 - 50% - 55% - 1:33
2 - 50% - 45% - 1:33
PP Defense
1 - 42% - 55% - 1:18
2 - 58% - 45% - 1:48
PK Forward
1 - 54% - 55% - 2:09
2 - 46% - 45% - 1:49
PK Defense
1 - 56% - 55% - 2:13
2 - 44% - 45% - 1:45
PK3 Forward
1 - 0% - 55%
2 - 0% - 45%
PK3 Defense
1 - 0% - 55%
2 - 0% - 45%
44 Forward
1 - 0% - 55%
2 - 0% - 45%
44 Defense
1 - 0% - 55%
2 - 0% - 45%
Last Minute Offensive  - 0:00
Last Minute Defensive  - 0:00
Total
Forward - 60:00
Defense - 60:00

% Time on Ice - VANCOUVER VOODOO

Lines # - Real PCT - Wanted PCT - Time Play
Normal Forward
1 - 34% - 33% - 17:57
2 - 33% - 32% - 17:36
3 - 25% - 26% - 13:20
4 - 8% - 9% - 4:03
Normal Defense
1 - 36% - 36% - 18:51
2 - 35% - 35% - 18:34
3 - 29% - 29% - 15:31
4 - 0% - 0% - 0:00
PP Forward
1 - 56% - 53% - 2:14
2 - 44% - 47% - 1:44
PP Defense
1 - 52% - 53% - 2:04
2 - 48% - 47% - 1:54
PK Forward
1 - 69% - 53% - 2:09
2 - 31% - 47% - 0:57
PK Defense
1 - 45% - 53% - 1:23
2 - 55% - 47% - 1:43
PK3 Forward
1 - 0% - 55%
2 - 0% - 45%
PK3 Defense
1 - 0% - 52%
2 - 0% - 48%
44 Forward
1 - 0% - 51%
2 - 0% - 49%
44 Defense
1 - 0% - 52%
2 - 0% - 48%
Last Minute Offensive  - 0:00
Last Minute Defensive  - 0:00
Total
Forward - 60:00
Defense - 60:00

Play-by-Play

1st period


0:01 of 1st period - Nicolas Roy wins face-off versus Claude Giroux in neutral zone.
0:23 of 1st period - Shot by Claude Giroux.
0:23 of 1st period - Goal by Claude Giroux - LOS ANGELES SEALS : 1 - VANCOUVER VOODOO : 0.
0:24 of 1st period - Christian Dvorak wins face-off versus David Krejci in neutral zone.
0:42 of 1st period - Icing by Dylan Strome.
0:43 of 1st period - David Krejci wins face-off versus Rafael Harvey-Pinard in LOS ANGELES SEALS zone.
0:43 of 1st period - David Krejci is hit by Josh Bailey.
0:56 of 1st period - Matthew Boldy is hit by Logan Stanley and loses puck.
1:03 of 1st period - Shot by Matthew Boldy.
1:03 of 1st period - Deflect By Dylan Strome.
1:03 of 1st period - Shot Misses the Net.
1:20 of 1st period - Off-side.
1:21 of 1st period - Mikael Backlund wins face-off versus Cole Sillinger in neutral zone.
1:28 of 1st period - Shot by Noah Cates.
1:28 of 1st period - Shot Misses the Net.
3:26 of 1st period - Conor Garland is hit by Ben Chiarot and loses puck.
3:31 of 1st period - Shot by Josh Anderson.
3:31 of 1st period - Stopped by Carter Hart with a rebound.
3:42 of 1st period - Minor Penalty to Rafael Harvey-Pinard for High sticking.
3:43 of 1st period - Tom Wilson wins face-off versus Jonathan Audy-Marchessault in VANCOUVER VOODOO zone.
4:45 of 1st period - Shot by Nikita Kucherov.
4:45 of 1st period - Stopped by Filip Gustavsson without a rebound.
4:46 of 1st period - Christian Dvorak wins face-off versus Claude Giroux in VANCOUVER VOODOO zone.
5:07 of 1st period - Shot by Claude Giroux.
5:07 of 1st period - Stopped by Filip Gustavsson without a rebound.
5:08 of 1st period - David Krejci wins face-off versus Radek Faksa in VANCOUVER VOODOO zone.
5:16 of 1st period - Icing by David Krejci.
5:17 of 1st period - David Krejci wins face-off versus Radek Faksa in LOS ANGELES SEALS zone.
5:22 of 1st period - Shot by David Krejci.
5:22 of 1st period - Stopped by Filip Gustavsson without a rebound.
5:23 of 1st period - Claude Giroux wins face-off versus Radek Faksa in VANCOUVER VOODOO zone.
5:38 of 1st period - Shot by Nikita Kucherov.
5:38 of 1st period - Shot Misses the Net.
6:10 of 1st period - Shot by Christian Dvorak.
6:10 of 1st period - Shot Misses the Net.
6:39 of 1st period - Icing by Logan Stanley.
6:40 of 1st period - Christian Dvorak wins face-off versus Claude Giroux in VANCOUVER VOODOO zone.
6:54 of 1st period - Icing by Drew Doughty.
6:55 of 1st period - Claude Giroux wins face-off versus Radek Faksa in LOS ANGELES SEALS zone.
7:04 of 1st period - Icing by Rafael Harvey-Pinard.
7:05 of 1st period - David Krejci wins face-off versus Rafael Harvey-Pinard in VANCOUVER VOODOO zone.
7:22 of 1st period - Shot by Matthew Boldy.
7:22 of 1st period - Stopped by Filip Gustavsson without a rebound.
7:23 of 1st period - Nicolas Roy wins face-off versus Claude Giroux in VANCOUVER VOODOO zone.
7:30 of 1st period - Shot by Nicolas Roy.
7:30 of 1st period - Stopped by Carter Hart without a rebound.
7:31 of 1st period - David Krejci wins face-off versus Nicolas Roy in LOS ANGELES SEALS zone.
7:56 of 1st period - Shot by Conor Garland.
7:56 of 1st period - Shot Misses the Net.
8:14 of 1st period - Shot by Dylan Strome.
8:14 of 1st period - Goal by Dylan Strome - LOS ANGELES SEALS : 2 - VANCOUVER VOODOO : 0.
8:15 of 1st period - Claude Giroux wins face-off versus Josh Bailey in neutral zone.
8:38 of 1st period - Nikita Kucherov is hit by Jordan Harris and loses puck.
8:53 of 1st period - Shot by Claude Giroux.
8:53 of 1st period - Shot Misses the Net.
9:51 of 1st period - Shot by Tom Wilson.
9:51 of 1st period - Stopped by Carter Hart without a rebound.
9:52 of 1st period - Nicolas Roy wins face-off versus David Krejci in LOS ANGELES SEALS zone.
10:07 of 1st period - Shot by Conor Garland.
10:07 of 1st period - Shot Blocked by Alex Goligoski.
10:27 of 1st period - Shot by Dylan Strome.
10:27 of 1st period - Shot Misses the Net.
10:29 of 1st period - Shot by David Krejci.
10:29 of 1st period - Deflect By Dylan Strome.
10:29 of 1st period - Shot Misses the Net.
10:31 of 1st period - Shot by Matthew Boldy.
10:31 of 1st period - Stopped by Filip Gustavsson without a rebound.
10:32 of 1st period - Tom Wilson wins face-off versus Claude Giroux in VANCOUVER VOODOO zone.
10:32 of 1st period - Tom Wilson is hit by Claude Giroux.
11:07 of 1st period - Shot by Tom Wilson.
11:07 of 1st period - Stopped by Carter Hart without a rebound.
11:08 of 1st period - Radek Faksa wins face-off versus Mason McTavish in LOS ANGELES SEALS zone.
11:18 of 1st period - Shot by Josh Bailey.
11:18 of 1st period - Stopped by Carter Hart with a rebound.
11:34 of 1st period - Shot by Rafael Harvey-Pinard.
11:34 of 1st period - Shot Misses the Net.
11:39 of 1st period - Rafael Harvey-Pinard is hit by Drew Doughty.
12:12 of 1st period - Off-side.
12:13 of 1st period - Christian Dvorak wins face-off versus Claude Giroux in neutral zone.
12:16 of 1st period - Jonathan Audy-Marchessault is hit by Tom Wilson and loses puck.
12:41 of 1st period - Shot by Christian Dvorak.
12:41 of 1st period - Stopped by Carter Hart with a rebound.
13:31 of 1st period - Shot by David Krejci.
13:31 of 1st period - Stopped by Filip Gustavsson with a rebound.
13:33 of 1st period - Shot by Noah Dobson.
13:33 of 1st period - Deflect By Dylan Strome.
13:33 of 1st period - Stopped by Filip Gustavsson without a rebound.
13:34 of 1st period - Josh Bailey wins face-off versus Mikael Backlund in VANCOUVER VOODOO zone.
14:40 of 1st period - Minor Penalty to Ben Chiarot for Hooking.
14:41 of 1st period - Nicolas Roy wins face-off versus Mikael Backlund in LOS ANGELES SEALS zone.
14:44 of 1st period - Shot by Josh Anderson.
14:44 of 1st period - Shot Blocked by Gustav Forsling.
14:46 of 1st period - Shot by Sebastien Aho.
14:46 of 1st period - Stopped by Carter Hart without a rebound.
14:47 of 1st period - Nicolas Roy wins face-off versus Nick Bonino in LOS ANGELES SEALS zone.
14:54 of 1st period - Shot by Josh Anderson.
14:54 of 1st period - Stopped by Carter Hart without a rebound.
14:55 of 1st period - Nicolas Roy wins face-off versus Mikael Backlund in LOS ANGELES SEALS zone.
15:52 of 1st period - Shot by Rafael Harvey-Pinard.
15:52 of 1st period - Stopped by Carter Hart without a rebound.
15:53 of 1st period - Jake Evans wins face-off versus Jonathan Drouin in LOS ANGELES SEALS zone.
16:27 of 1st period - Shot by Conor Garland.
16:27 of 1st period - Shot Misses the Net.
16:53 of 1st period - Shot by Cole Sillinger.
16:53 of 1st period - Shot Misses the Net.
16:55 of 1st period - Shot by Braden Schneider.
16:55 of 1st period - Shot Misses the Net.
17:15 of 1st period - Calen Addison is hit by Matthew Boldy and loses puck.
17:45 of 1st period - Shot by Nikita Kucherov.
17:45 of 1st period - Stopped by Filip Gustavsson with a rebound.
17:49 of 1st period - Shot by Claude Giroux.
17:49 of 1st period - Stopped by Filip Gustavsson with a rebound.
17:51 of 1st period - Shot by Claude Giroux.
17:51 of 1st period - Stopped by Filip Gustavsson without a rebound.
17:52 of 1st period - Mikael Backlund wins face-off versus Josh Anderson in VANCOUVER VOODOO zone.
18:02 of 1st period - Icing by Nicolas Hague.
18:03 of 1st period - Claude Giroux wins face-off versus Nicolas Roy in VANCOUVER VOODOO zone.
18:07 of 1st period - Icing by Nicolas Hague.
18:08 of 1st period - Nicolas Roy wins face-off versus Nikita Kucherov in VANCOUVER VOODOO zone.
18:19 of 1st period - Shot by Conor Garland.
18:19 of 1st period - Shot Misses the Net.
19:14 of 1st period - Shot by Dylan Strome.
19:14 of 1st period - Shot Misses the Net.
19:16 of 1st period - Shot by Gustav Forsling.
19:16 of 1st period - Stopped by Filip Gustavsson with a rebound.
19:18 of 1st period - Shot by Drew Doughty.
19:18 of 1st period - Stopped by Filip Gustavsson without a rebound.
19:19 of 1st period - Mikael Backlund wins face-off versus Radek Faksa in VANCOUVER VOODOO zone.
19:43 of 1st period - Shot by Radek Faksa.
19:43 of 1st period - Stopped by Carter Hart with a rebound.
19:53 of 1st period - Shot by Rafael Harvey-Pinard.
19:53 of 1st period - Shot Misses the Net.
Goals for this period are 2 for LOS ANGELES SEALS vs 0 for VANCOUVER VOODOO.
Shots for this period are 14 for LOS ANGELES SEALS vs 10 for VANCOUVER VOODOO.

2nd period


0:01 of 2nd period - Nicolas Roy wins face-off versus Claude Giroux in neutral zone.
0:40 of 2nd period - Shot by Jonathan Audy-Marchessault.
0:40 of 2nd period - Shot Blocked by Josh Anderson.
0:42 of 2nd period - Shot by Claude Giroux.
0:42 of 2nd period - Shot Misses the Net.
0:44 of 2nd period - Shot by Jonathan Audy-Marchessault.
0:44 of 2nd period - Goal by Jonathan Audy-Marchessault - LOS ANGELES SEALS : 3 - VANCOUVER VOODOO : 0.
0:45 of 2nd period - David Krejci wins face-off versus Christian Dvorak in neutral zone.
1:08 of 2nd period - Shot by Jonathan Drouin.
1:08 of 2nd period - Shot Blocked by David Krejci.
2:01 of 2nd period - Shot by Owen Tippett.
2:01 of 2nd period - Shot Misses the Net.
2:03 of 2nd period - Shot by Mikael Backlund.
2:03 of 2nd period - Deflect By Owen Tippett.
2:03 of 2nd period - Shot Misses the Net.
4:17 of 2nd period - Shot by Dylan Strome.
4:17 of 2nd period - Stopped by Filip Gustavsson without a rebound.
4:18 of 2nd period - Cole Sillinger wins face-off versus Mason McTavish in VANCOUVER VOODOO zone.
4:29 of 2nd period - Brendan Gallagher is hit by Nick Bonino and loses puck.
6:19 of 2nd period - Shot by Rafael Harvey-Pinard.
6:19 of 2nd period - Stopped by Carter Hart without a rebound.
6:20 of 2nd period - Nicolas Roy wins face-off versus Mikael Backlund in LOS ANGELES SEALS zone.
6:41 of 2nd period - Shot by Conor Garland.
6:41 of 2nd period - Stopped by Carter Hart without a rebound.
6:42 of 2nd period - Claude Giroux wins face-off versus Radek Faksa in LOS ANGELES SEALS zone.
7:09 of 2nd period - Radek Faksa is hit by Nikita Kucherov and loses puck.
7:14 of 2nd period - Shot by Nikita Kucherov.
7:14 of 2nd period - Stopped by Filip Gustavsson without a rebound.
7:15 of 2nd period - Nicolas Roy wins face-off versus David Krejci in VANCOUVER VOODOO zone.
7:15 of 2nd period - Nicolas Roy is hit by Matthew Boldy.
7:29 of 2nd period - Shot by Conor Garland.
7:29 of 2nd period - Shot Misses the Net.
7:31 of 2nd period - Shot by Nicolas Roy.
7:31 of 2nd period - Shot Misses the Net.
7:33 of 2nd period - Shot by Josh Anderson.
7:33 of 2nd period - Shot Blocked by Ben Chiarot.
7:35 of 2nd period - Shot by Nicolas Roy.
7:35 of 2nd period - Stopped by Carter Hart without a rebound.
7:36 of 2nd period - Christian Dvorak wins face-off versus Claude Giroux in LOS ANGELES SEALS zone.
7:47 of 2nd period - Shot by Jonathan Audy-Marchessault.
7:47 of 2nd period - Shot Misses the Net.
7:50 of 2nd period - Icing by Logan Stanley.
7:51 of 2nd period - David Krejci wins face-off versus Christian Dvorak in VANCOUVER VOODOO zone.
7:54 of 2nd period - Shot by Matthew Boldy.
7:54 of 2nd period - Stopped by Filip Gustavsson with a rebound.
9:01 of 2nd period - Gustav Forsling is hit by Josh Anderson.
9:53 of 2nd period - Off-side.
9:54 of 2nd period - Mikael Backlund wins face-off versus Radek Faksa in neutral zone.
10:05 of 2nd period - Shot by Owen Tippett.
10:05 of 2nd period - Shot Misses the Net.
10:19 of 2nd period - Shot by Mikael Backlund.
10:19 of 2nd period - Shot Misses the Net.
10:21 of 2nd period - Shot by Noah Cates.
10:21 of 2nd period - Stopped by Filip Gustavsson with a rebound.
10:25 of 2nd period - Shot by Mikael Backlund.
10:25 of 2nd period - Stopped by Filip Gustavsson without a rebound.
10:26 of 2nd period - Mason McTavish wins face-off versus Christian Dvorak in VANCOUVER VOODOO zone.
10:26 of 2nd period - Minor Penalty to Logan Stanley for Interference.
10:27 of 2nd period - Christian Dvorak wins face-off versus David Krejci in VANCOUVER VOODOO zone.
10:27 of 2nd period - Rafael Harvey-Pinard is hit by David Krejci.
10:28 of 2nd period - Rafael Harvey-Pinard from VANCOUVER VOODOO is injured at 10:28 of 2nd period (Broken Bone (Right Arm)).
10:29 of 2nd period - Claude Giroux wins face-off versus Christian Dvorak in VANCOUVER VOODOO zone.
10:41 of 2nd period - Icing by Claude Giroux.
10:42 of 2nd period - Christian Dvorak wins face-off versus Claude Giroux in LOS ANGELES SEALS zone.
10:53 of 2nd period - Shot by Drew Doughty.
10:53 of 2nd period - Stopped by Filip Gustavsson without a rebound.
10:54 of 2nd period - David Krejci wins face-off versus Tom Wilson in VANCOUVER VOODOO zone.
10:54 of 2nd period - Dylan Strome is hit by Nicolas Hague and loses puck.
11:33 of 2nd period - Shot by Jonathan Audy-Marchessault.
11:33 of 2nd period - Goal by Jonathan Audy-Marchessault - LOS ANGELES SEALS : 4 - VANCOUVER VOODOO : 0.
11:33 of 2nd period - Samuel Montembeault enters game.
11:34 of 2nd period - Nicolas Roy wins face-off versus Mikael Backlund in neutral zone.
11:34 of 2nd period - Nicolas Roy is hit by Mikael Backlund.
12:13 of 2nd period - Braden Schneider is hit by Noah Cates and loses puck.
13:09 of 2nd period - Off-side.
13:10 of 2nd period - David Krejci wins face-off versus Radek Faksa in neutral zone.
13:23 of 2nd period - Shot by Matthew Boldy.
13:23 of 2nd period - Stopped by Samuel Montembeault without a rebound.
13:24 of 2nd period - Christian Dvorak wins face-off versus Mason McTavish in VANCOUVER VOODOO zone.
13:41 of 2nd period - Shot by Tom Wilson.
13:41 of 2nd period - Goal by Tom Wilson - LOS ANGELES SEALS : 4 - VANCOUVER VOODOO : 1.
13:42 of 2nd period - Claude Giroux wins face-off versus Radek Faksa in neutral zone.
13:44 of 2nd period - Nikita Kucherov is hit by Radek Faksa and loses puck.
13:52 of 2nd period - Nikita Kucherov is hit by Logan Stanley and loses puck.
14:01 of 2nd period - Shot by Jonathan Audy-Marchessault.
14:01 of 2nd period - Shot Hit the Post.
14:03 of 2nd period - Shot by Gustav Forsling.
14:03 of 2nd period - Stopped by Samuel Montembeault without a rebound.
14:04 of 2nd period - David Krejci wins face-off versus Christian Dvorak in VANCOUVER VOODOO zone.
14:15 of 2nd period - Shot by David Krejci.
14:15 of 2nd period - Shot Misses the Net.
14:16 of 2nd period - Minor Penalty to David Krejci for Roughing.
14:17 of 2nd period - Mikael Backlund wins face-off versus Conor Garland in LOS ANGELES SEALS zone.
14:36 of 2nd period - Shot by Conor Garland.
14:36 of 2nd period - Shot Blocked by Ben Chiarot.
15:40 of 2nd period - Shot by Josh Anderson.
15:40 of 2nd period - Stopped by Carter Hart without a rebound.
15:41 of 2nd period - Alex Newhook wins face-off versus Mikael Backlund in LOS ANGELES SEALS zone.
15:44 of 2nd period - Shot by Alex Newhook.
15:44 of 2nd period - Shot Blocked by Nick Bonino.
16:07 of 2nd period - Icing by Alex Newhook.
16:08 of 2nd period - Jake Evans wins face-off versus Jonathan Drouin in VANCOUVER VOODOO zone.
16:09 of 2nd period - Shot by Noah Cates.
16:09 of 2nd period - Stopped by Samuel Montembeault without a rebound.
16:10 of 2nd period - Mikael Backlund wins face-off versus Nicolas Roy in VANCOUVER VOODOO zone.
16:32 of 2nd period - Shot by Radek Faksa.
16:32 of 2nd period - Shot Misses the Net.
16:55 of 2nd period - Icing by Gustav Forsling.
16:56 of 2nd period - Nicolas Roy wins face-off versus Claude Giroux in LOS ANGELES SEALS zone.
17:36 of 2nd period - Icing by Nicolas Roy.
17:37 of 2nd period - David Krejci wins face-off versus Nicolas Roy in VANCOUVER VOODOO zone.
17:46 of 2nd period - Shot by Matthew Boldy.
17:46 of 2nd period - Stopped by Samuel Montembeault without a rebound.
17:47 of 2nd period - Christian Dvorak wins face-off versus David Krejci in VANCOUVER VOODOO zone.
17:54 of 2nd period - Shot by David Krejci.
17:54 of 2nd period - Shot Misses the Net.
18:13 of 2nd period - Matthew Boldy is hit by Nicolas Hague.
18:17 of 2nd period - Shot by Dylan Strome.
18:17 of 2nd period - Stopped by Samuel Montembeault without a rebound.
18:18 of 2nd period - Radek Faksa wins face-off versus Mikael Backlund in VANCOUVER VOODOO zone.
18:42 of 2nd period - Shot by Noah Cates.
18:42 of 2nd period - Stopped by Samuel Montembeault with a rebound.
18:44 of 2nd period - Shot by Noah Cates.
18:44 of 2nd period - Stopped by Samuel Montembeault without a rebound.
18:45 of 2nd period - David Krejci wins face-off versus Nicolas Roy in VANCOUVER VOODOO zone.
18:49 of 2nd period - Icing by Jordan Harris.
18:50 of 2nd period - David Krejci wins face-off versus Nicolas Roy in VANCOUVER VOODOO zone.
19:18 of 2nd period - Shot by Josh Anderson.
19:18 of 2nd period - Shot Misses the Net.
19:22 of 2nd period - Shot by Josh Anderson.
19:22 of 2nd period - Shot Misses the Net.
19:24 of 2nd period - Shot by Nicolas Roy.
19:24 of 2nd period - Deflect By Josh Anderson.
19:24 of 2nd period - Shot Misses the Net.
19:26 of 2nd period - Shot by Nicolas Roy.
19:26 of 2nd period - Shot Misses the Net.
19:28 of 2nd period - Shot by Nicolas Roy.
19:28 of 2nd period - Deflect By Josh Anderson.
19:28 of 2nd period - Stopped by Carter Hart without a rebound.
19:29 of 2nd period - Christian Dvorak wins face-off versus Claude Giroux in LOS ANGELES SEALS zone.
19:36 of 2nd period - Shot by Tom Wilson.
19:36 of 2nd period - Shot Misses the Net.
Goals for this period are 2 for LOS ANGELES SEALS vs 1 for VANCOUVER VOODOO.
Shots for this period are 15 for LOS ANGELES SEALS vs 6 for VANCOUVER VOODOO.

3rd period


0:01 of 3rd period - Christian Dvorak wins face-off versus David Krejci in neutral zone.
0:20 of 3rd period - Shot by Dylan Strome.
0:20 of 3rd period - Shot Blocked by Jordan Harris.
0:22 of 3rd period - Shot by Drew Doughty.
0:22 of 3rd period - Shot Misses the Net.
0:28 of 3rd period - Shot by Dylan Strome.
0:28 of 3rd period - Stopped by Samuel Montembeault without a rebound.
0:29 of 3rd period - Claude Giroux wins face-off versus Conor Garland in VANCOUVER VOODOO zone.
0:54 of 3rd period - Shot by Josh Anderson.
0:54 of 3rd period - Stopped by Carter Hart without a rebound.
0:55 of 3rd period - David Krejci wins face-off versus Christian Dvorak in LOS ANGELES SEALS zone.
1:03 of 3rd period - Icing by David Krejci.
1:04 of 3rd period - David Krejci wins face-off versus Christian Dvorak in LOS ANGELES SEALS zone.
1:09 of 3rd period - David Krejci is hit by Tom Wilson and loses puck.
1:28 of 3rd period - Shot by Matthew Boldy.
1:28 of 3rd period - Stopped by Samuel Montembeault without a rebound.
1:29 of 3rd period - Claude Giroux wins face-off versus Nicolas Roy in VANCOUVER VOODOO zone.
1:42 of 3rd period - Shot by Claude Giroux.
1:42 of 3rd period - Shot Blocked by Braden Schneider.
1:44 of 3rd period - Shot by Nikita Kucherov.
1:44 of 3rd period - Stopped by Samuel Montembeault without a rebound.
1:45 of 3rd period - David Krejci wins face-off versus Christian Dvorak in VANCOUVER VOODOO zone.
1:48 of 3rd period - Shot by Matthew Boldy.
1:48 of 3rd period - Shot Misses the Net.
1:52 of 3rd period - Shot by David Krejci.
1:52 of 3rd period - Stopped by Samuel Montembeault without a rebound.
1:53 of 3rd period - Claude Giroux wins face-off versus Nicolas Roy in VANCOUVER VOODOO zone.
1:57 of 3rd period - Icing by Jordan Harris.
1:58 of 3rd period - Claude Giroux wins face-off versus Nicolas Roy in VANCOUVER VOODOO zone.
2:01 of 3rd period - Shot by Nikita Kucherov.
2:01 of 3rd period - Stopped by Samuel Montembeault without a rebound.
2:02 of 3rd period - Claude Giroux wins face-off versus Christian Dvorak in VANCOUVER VOODOO zone.
2:08 of 3rd period - Jonathan Audy-Marchessault is hit by Nicolas Hague.
2:28 of 3rd period - Shot by Claude Giroux.
2:28 of 3rd period - Deflect By Nikita Kucherov.
2:28 of 3rd period - Shot Misses the Net.
2:42 of 3rd period - Shot by Jonathan Audy-Marchessault.
2:42 of 3rd period - Stopped by Samuel Montembeault without a rebound.
2:43 of 3rd period - David Krejci wins face-off versus Conor Garland in VANCOUVER VOODOO zone.
3:36 of 3rd period - Icing by Braden Schneider.
3:37 of 3rd period - Nicolas Roy wins face-off versus Nikita Kucherov in VANCOUVER VOODOO zone.
3:39 of 3rd period - Icing by Conor Garland.
3:40 of 3rd period - Nicolas Roy wins face-off versus Mikael Backlund in VANCOUVER VOODOO zone.
3:42 of 3rd period - Icing by Conor Garland.
3:43 of 3rd period - Claude Giroux wins face-off versus Nicolas Roy in VANCOUVER VOODOO zone.
3:48 of 3rd period - Shot by Claude Giroux.
3:48 of 3rd period - Stopped by Samuel Montembeault without a rebound.
3:49 of 3rd period - Radek Faksa wins face-off versus Mikael Backlund in VANCOUVER VOODOO zone.
4:04 of 3rd period - Shot by Owen Tippett.
4:04 of 3rd period - Stopped by Samuel Montembeault without a rebound.
4:05 of 3rd period - Christian Dvorak wins face-off versus Claude Giroux in VANCOUVER VOODOO zone.
4:05 of 3rd period - Christian Dvorak is hit by Jonathan Audy-Marchessault.
4:08 of 3rd period - Icing by Jonathan Drouin.
4:09 of 3rd period - Jonathan Drouin wins face-off versus Claude Giroux in VANCOUVER VOODOO zone.
4:41 of 3rd period - Shot by Tom Wilson.
4:41 of 3rd period - Shot Misses the Net.
4:47 of 3rd period - Gustav Forsling is hit by Tom Wilson and loses puck.
5:30 of 3rd period - Radek Faksa is hit by Jonathan Audy-Marchessault and loses puck.
5:59 of 3rd period - Shot by Owen Tippett.
5:59 of 3rd period - Shot Misses the Net.
6:01 of 3rd period - Shot by Ben Chiarot.
6:01 of 3rd period - Shot Blocked by Jordan Harris.
6:03 of 3rd period - Shot by Owen Tippett.
6:03 of 3rd period - Shot Misses the Net.
7:17 of 3rd period - Shot by David Krejci.
7:17 of 3rd period - Shot Blocked by Christian Dvorak.
7:19 of 3rd period - Shot by Gustav Forsling.
7:19 of 3rd period - Goal by Gustav Forsling - LOS ANGELES SEALS : 5 - VANCOUVER VOODOO : 1.
7:20 of 3rd period - Christian Dvorak wins face-off versus Mason McTavish in neutral zone.
7:25 of 3rd period - Shot by Christian Dvorak.
7:25 of 3rd period - Shot Misses the Net.
8:14 of 3rd period - Icing by Noah Dobson.
8:15 of 3rd period - Claude Giroux wins face-off versus Nicolas Roy in LOS ANGELES SEALS zone.
8:21 of 3rd period - Icing by Conor Garland.
8:22 of 3rd period - David Krejci wins face-off versus Nicolas Roy in VANCOUVER VOODOO zone.
8:46 of 3rd period - Icing by Gustav Forsling.
8:47 of 3rd period - Cole Sillinger wins face-off versus Dylan Strome in LOS ANGELES SEALS zone.
9:10 of 3rd period - Jordan Harris is hit by David Krejci.
9:34 of 3rd period - Noah Dobson is hit by Cole Sillinger and loses puck.
11:13 of 3rd period - Shot by Nick Bonino.
11:13 of 3rd period - Stopped by Samuel Montembeault without a rebound.
11:14 of 3rd period - David Krejci wins face-off versus Alex Newhook in VANCOUVER VOODOO zone.
11:17 of 3rd period - Shot by David Krejci.
11:17 of 3rd period - Shot Misses the Net.
11:31 of 3rd period - Shot by David Krejci.
11:31 of 3rd period - Deflect By Dylan Strome.
11:31 of 3rd period - Stopped by Samuel Montembeault without a rebound.
11:32 of 3rd period - Christian Dvorak wins face-off versus Claude Giroux in VANCOUVER VOODOO zone.
11:40 of 3rd period - Icing by Nikita Kucherov.
11:41 of 3rd period - Claude Giroux wins face-off versus Nicolas Roy in LOS ANGELES SEALS zone.
12:06 of 3rd period - Shot by Nikita Kucherov.
12:06 of 3rd period - Shot Blocked by Braden Schneider.
12:26 of 3rd period - Shot by Jonathan Audy-Marchessault.
12:26 of 3rd period - Stopped by Samuel Montembeault without a rebound.
12:27 of 3rd period - David Krejci wins face-off versus Christian Dvorak in VANCOUVER VOODOO zone.
12:32 of 3rd period - Shot by Dylan Strome.
12:32 of 3rd period - Stopped by Samuel Montembeault without a rebound.
12:33 of 3rd period - Christian Dvorak wins face-off versus David Krejci in VANCOUVER VOODOO zone.
13:49 of 3rd period - Christian Dvorak is hit by Mikael Backlund and loses puck.
14:26 of 3rd period - Radek Faksa is hit by Nikita Kucherov and loses puck.
15:19 of 3rd period - Icing by Gustav Forsling.
15:20 of 3rd period - Mason McTavish wins face-off versus Nicolas Roy in LOS ANGELES SEALS zone.
15:40 of 3rd period - Shot by Josh Anderson.
15:40 of 3rd period - Shot Misses the Net.
15:42 of 3rd period - Shot by Nicolas Roy.
15:42 of 3rd period - Shot Misses the Net.
16:31 of 3rd period - Shot by Tom Wilson.
16:31 of 3rd period - Shot Blocked by Drew Doughty.
16:50 of 3rd period - Icing by Sebastien Aho.
16:51 of 3rd period - Cole Sillinger wins face-off versus David Krejci in VANCOUVER VOODOO zone.
17:03 of 3rd period - Off-side.
17:04 of 3rd period - Claude Giroux wins face-off versus Nicolas Roy in neutral zone.
17:11 of 3rd period - Shot by Claude Giroux.
17:11 of 3rd period - Stopped by Samuel Montembeault without a rebound.
17:12 of 3rd period - David Krejci wins face-off versus Josh Anderson in VANCOUVER VOODOO zone.
17:46 of 3rd period - Shot by Conor Garland.
17:46 of 3rd period - Deflect By Josh Anderson.
17:46 of 3rd period - Stopped by Carter Hart without a rebound.
17:47 of 3rd period - Christian Dvorak wins face-off versus Claude Giroux in LOS ANGELES SEALS zone.
18:02 of 3rd period - Shot by Nikita Kucherov.
18:02 of 3rd period - Shot Misses the Net.
18:04 of 3rd period - Shot by Ben Chiarot.
18:04 of 3rd period - Stopped by Samuel Montembeault without a rebound.
18:05 of 3rd period - Mikael Backlund wins face-off versus Radek Faksa in VANCOUVER VOODOO zone.
18:10 of 3rd period - Shot by Owen Tippett.
18:10 of 3rd period - Stopped by Samuel Montembeault without a rebound.
18:11 of 3rd period - Christian Dvorak wins face-off versus David Krejci in VANCOUVER VOODOO zone.
18:51 of 3rd period - Shot by Tom Wilson.
18:51 of 3rd period - Shot Misses the Net.
19:05 of 3rd period - Logan Stanley is hit by Dylan Strome and loses puck.
19:21 of 3rd period - Icing by Ben Chiarot.
19:22 of 3rd period - Claude Giroux wins face-off versus Nicolas Roy in LOS ANGELES SEALS zone.
19:55 of 3rd period - Shot by Josh Anderson.
19:55 of 3rd period - Stopped by Carter Hart without a rebound.
19:56 of 3rd period - Mikael Backlund wins face-off versus Josh Bailey in LOS ANGELES SEALS zone.
Goals for this period are 1 for LOS ANGELES SEALS vs 0 for VANCOUVER VOODOO.
Shots for this period are 16 for LOS ANGELES SEALS vs 3 for VANCOUVER VOODOO.


ROOPE
HINTZ
ARTEMI
PANARIN
MIRO
HEISKANEN

EAST COAST

HOCKEY LEAGUE

  • 59.RHI1PIT5
  • 60.WOR6ATL7
  • 61.CHWQUE
  • 62.TRVCHA